 Dungeon Crawl Stone Soup version 0.19.0-1-g5985abe (webtiles) character file.

44874 coolio the Blocker (level 14, -3/82 HPs)
             Began as a Gargoyle Fighter on Nov 2, 2016.
             Was a High Priest of the Shining One.
             Slain by an ettin
             ... wielding a +0 dire flail
              (25 damage)
             ... on level 1 of the Orcish Mines.
             The game lasted 00:32:17 (16386 turns).

coolio the Blocker (Gargoyle Fighter)              Turns: 16386, Time: 00:32:18

Health: -3/82      AC: 35    Str: 25    XL:     14   Next: 30%
Magic:  22/22      EV:  8    Int: 11    God:    the Shining One [*****.]
Gold:   2301       SH: 15    Dex: 11    Spells: 0 memorised, 13 levels left

rFire  + . .     SeeInvis +     a - +1 flail
rCold  . . .     Gourm    .     J - +1 chain mail {rPois}
rNeg   + + +     Faith    +     c - +1 shield
rPois  ∞         Spirit   .     I - +0 hat
rElec  +         Reflect  .     y - +0 cloak
rCorr  +         Harm     .     (no gloves)
MR     +....     Clarity  +     p - +0 pair of boots
Stlth  ..........               q - amulet of faith
                                O - ring of resist corrosion
                                G - ring "Doydus" {rPois rF+ AC+5}

@: flying, glowing
A: big wings, slimy green scales 1, thin metallic scales 1, thin skeletal
structure 1, see invisible, clarity, negative energy resistance 1, regeneration
1, electricity resistance, strong 1, unbreathing, petrification resistance, rot
immunity, subdued magic 1, MP-powered wands, AC +9
a: Stop Flying, Divine Shield, Cleansing Flame, Summon Divine Warrior, Renounce
Religion


You were on level 1 of the Orcish Mines.
You worshipped the Shining One.
The Shining One was extremely pleased with you.
You were not hungry.

You visited 4 branches of the dungeon, and saw 18 of its levels.
You also visited: Ossuary.

You collected 2301 gold pieces.

Inventory:

Hand Weapons
 a - a +1 flail (weapon)
Missiles
 u - a throwing net (quivered)
Armour
 c - a +1 shield (worn)
 p - a +0 pair of boots (worn)
 y - a +0 cloak (worn)
 I - a +0 hat (worn)
 J - a +1 chain mail of poison resistance (worn)
Jewellery
 q - an amulet of faith (around neck)
 G - the ring "Doydus" (left hand) {rPois rF+ AC+5}
   (You found it on level 6 of the Lair of Beasts)

   [ring of protection]

   It affects your AC (+5).
   It protects you from fire.
   It protects you from poison.
 K - an uncursed ring of teleportation
 M - a +5 amulet of reflection
 O - a ring of resist corrosion (right hand)
Wands
 d - a wand of iceblast (8/15)
 v - a wand of flame (30/48)
 F - a wand of flame (27/48)
 L - a wand of lightning (7/15)
 P - a wand of acid (3/15)
 Q - a wand of paralysis (12/24)
 T - a wand of lightning (6/15)
Scrolls
 e - 2 scrolls of teleportation
 g - 3 scrolls of recharging
 h - 5 scrolls of identify
 j - 14 scrolls of remove curse
 m - a scroll of enchant armour
 n - 4 scrolls of blinking
 r - 5 scrolls of fog
 w - 6 scrolls of amnesia
 x - a scroll of magic mapping
 A - 6 scrolls of enchant weapon
 U - a scroll of fear
Potions
 k - 2 potions of brilliance
 l - a potion of curing
 t - 3 potions of cancellation
 C - a potion of haste
 D - 3 potions of magic
 E - a potion of heal wounds
 H - 2 potions of resistance
Comestibles
 b - 4 chunks of flesh
 f - 13 bread rations
 i - 13 meat rations
 o - 7 beef jerkies
 s - 26 fruits


   Skills:
 - Level 7.1 Fighting
 * Level 12.5 Maces & Flails
 * Level 13.6 Armour
 * Level 13.8 Shields
 * Level 11.0 Invocations


You had 13 spell levels left.
You didn't know any spells.

Dungeon Overview and Level Annotations

Branches:
Dungeon (9/15)             Temple (1/1) D:5            Lair (6/6) D:9
 Shoals (0/4) Lair:2        Snake (0/4) Lair:4        Slime (0/5) Lair:5
    Orc (2/2) D:9             Elf (0/3) Orc:2

Altars:
Dithmenos
Fedhas
Gozag
Hepliaklqana
Kikubaaqudgha
Makhleb
Nemelex Xobeh
Okawaru
Qazlal
Ru
Sif Muna
Trog
Vehumet
Xom
Zin
The Shining One
Beogh

Portals:
Hell: Lair:6


Innate Abilities, Weirdness & Mutations

You are resistant to torment.
Your stone body is resilient. (AC +9)
You are immune to poison.
Your large and strong wings let you fly indefinitely.
You resist negative energy. (rN+)
You are resistant to electric shocks. (rElec)
You can survive without breathing.
You are immune to petrification.
You are immune to rotting.
You are partially covered in slimy green scales. (AC +2)
You are partially covered in thin metallic scales. (AC +2)
You have a somewhat thin skeletal structure. (Dex +2, Stealth)
You have supernaturally acute eyesight. (SInv)
You possess an exceptional clarity of mind.
Your natural rate of healing is unusually fast.
Your muscles are strong. (Str +2)
Your spells are a little easier to cast, but a little less powerful.
You expend magic power (3 MP) to strengthen your wands.


Message History

You kill the orc warrior!
You hit the orc knight.
The orc knight is lightly wounded.
You block the orc knight's attack.
You sock the orc knight!
The orc knight is lightly wounded.
You barely miss the orc knight.
The orc knight is lightly wounded.
The ettin shouts in stereo!
The orc knight hits you but does no damage.
You hit the orc knight.
The orc knight is lightly wounded.
You hit the ettin but do no damage.
The orc knight hits you with an enchanted great mace!
The ettin hits you but does no damage. The ettin hits you with a dire flail!!
* * * LOW HITPOINT WARNING * * *
You sock the ettin!
The ettin is lightly wounded.
You block the orc knight's attack. The ettin hits you with a dire flail!!
You die...

##..#....#.##
###...........#
##.##..........##
##...##..........#
####.#...##.........#
##.#........)[).....##
#...#..#..##(((....##
##........#)[....###
####.#..#.#<@C#..##
##.#.#......))o....##
#.....#........#>...#
##.#.#.#......#.....#
##.................###
#.................##.##
##..#...#..............#
#...####..............##
### ##.##
#......#.....#.## ##.##


You could see an orc knight and an ettin.

Vanquished Creatures
  Rupert (Lair:3)
  Gastronok (Lair:1)
  A dire elephant (Lair:6)
  A hell beast (Lair:6)
  4 hydras
  A wizard (Lair:6)
  An oklob plant (Lair:6)
  2 orc knights
  A cyclops (D:9)
  5 elephants
  3 black mambas
  A siren (Lair:2)
  An orange demon (Lair:6)
  The ghost of Rationalist the Chopper, a novice DsGl of Trog (D:6)
  A torpor snail (Lair:6)
  14 spiny frogs
  5 rime drakes
  4 ice devils (Lair:6)
  6 komodo dragons
  A hellwing (Lair:6)
  A red devil (Lair:6)
  A polar bear (Lair:4)
  4 trolls
  3 merfolk (Lair:2)
  14 blink frogs
  3 slime creatures (Lair:5)
  7 hippogriffs
  A vampire (D:9)
  A spriggan (D:7)
  Sigmund (D:2)
  23 yaks
  3 basilisks
  Menkaure (D:5)
  3 nagas (Lair:4)
  A mottled dragon (D:9)
  6 swamp worms (Lair:4)
  A warg (Orc:2)
  19 water moccasins
  A hell hound (Lair:6)
  10 porcupines
  15 orc warriors
  3 sky beasts
  2 phantoms
  2 ice beasts
  3 centaurs
  2 black bears (D:8)
  2 ogres
  15 crocodiles
  Blork the orc (D:6)
  An elf zombie (Ossuary)
  12 bullfrogs
  3 scorpions
  11 killer bees
  2 electric eels
  2 howler monkeys
  4 crimson imps
  2 centaur zombies
  A quasit (D:8)
  5 jellies
  7 hounds
  16 orc priests
  A human zombie (Ossuary)
  11 orc wizards
  2 bullfrog skeletons
  A gnoll shaman (D:8)
  Jessica (D:2)
  6 iguanas
  Terence (D:2)
  10 worker ants
  A hound zombie (Ossuary)
  A hound skeleton (D:7)
  4 mummies (Ossuary)
  A worker ant zombie (D:6)
  13 adders
  4 gnolls (D:9)
  4 shadow imps
  An adder zombie (D:9)
  2 adder skeletons
  13 worms
  4 dart slugs
  5 leopard geckos
  54 orcs
  5 ball pythons
  12 bats
  5 giant cockroaches
  8 hobgoblins
  2 jackals (D:1)
  10 kobolds
  4 quokkas
  6 frilled lizards
  8 goblins
  A goblin zombie (Ossuary)
  A hobgoblin zombie (Ossuary)
  A jackal skeleton (D:6)
  2 jackal zombies (Ossuary)
  A leopard gecko zombie (D:8)
  2 orc zombies (Ossuary)
  6 rats
  2 rat zombies (Ossuary)
  A plant (Lair:4)
487 creatures vanquished.

Vanquished Creatures (collateral kills)
  A dire elephant (Lair:6)
  An orange demon (Lair:6)
  An ice devil (Lair:6)
3 creatures vanquished.

Vanquished Creatures (others)
  A bullfrog (Lair:5)
  An orc wizard (D:5)
  2 iguanas (D:5)
  An adder (D:5)
  3 orcs (D:5)
  A jackal (D:5)
  A hobgoblin zombie (Ossuary)
  4 fungi
  3 plants
17 creatures vanquished.

Grand Total: 507 creatures vanquished

Notes
Turn   | Place    | Note
-------+----------+-------------------------------------------
     0 | D:1      | coolio the Gargoyle Fighter began the quest for the Orb.
     0 | D:1      | Reached XP level 1. HP: 14/14 MP: 1/1
    87 | D:1      | Reached XP level 2. HP: 19/19 MP: 2/2
   249 | D:1      | Reached XP level 3. HP: 16/23 MP: 3/3
   813 | D:2      | Noticed Terence
   820 | D:2      | Killed Terence
   820 | D:2      | Reached XP level 4. HP: 19/29 MP: 4/4
  1230 | D:2      | Reached XP level 5. HP: 33/33 MP: 5/5
  1267 | D:2      | Noticed Sigmund
  1276 | D:2      | Killed Sigmund
  1276 | D:2      | Reached skill level 5 in Shields
  1276 | D:2      | Reached XP level 6. HP: 39/39 MP: 6/6
  1318 | D:2      | Noticed Jessica
  1374 | D:2      | Killed Jessica
  2508 | D:4      | Reached skill level 5 in Armour
  2528 | D:4      | Noticed a sky beast
  2557 | D:4      | Killed a sky beast
  2557 | D:4      | Reached XP level 7. HP: 9/44 MP: 7/7
  3106 | D:4      | Found a burning altar of Makhleb.
  3124 | D:4      | Reached skill level 5 in Fighting
  3327 | D:5      | Entered Level 5 of the Dungeon
  3548 | D:5      | Found a shimmering altar of Xom.
  3621 | D:5      | Found a sand-covered staircase.
  3820 | Ossuary  | Entered an ossuary
  3838 | Ossuary  | Reached XP level 8. HP: 42/49 MP: 8/8
  3903 | Ossuary  | Reached skill level 5 in Maces & Flails
  4617 | D:5      | Noticed Menkaure
  4620 | D:5      | Found a staircase to the Ecumenical Temple.
  4625 | D:5      | Killed Menkaure
  4634 | Temple   | Entered the Ecumenical Temple
  4730 | Temple   | Became a worshipper of the Shining One
  4807 | D:5      | Found a stormy altar of Qazlal.
  4807 | D:5      | Found a bloodstained altar of Trog.
  4808 | D:5      | Found an ancient bone altar of Kikubaaqudgha.
  4891 | D:6      | Noticed Blork the orc
  4916 | D:6      | Killed Blork the orc
  4955 | D:6      | Noticed Rationalist's ghost (novice DsGl)
  4973 | D:6      | Gained mutation: You possess an exceptional clarity of mind. [potion of mutation]
  4973 | D:6      | Gained mutation: You expend magic power (3 MP) to strengthen your wands. [potion of mutation]
  4973 | D:6      | Gained mutation: Your muscles are strong. (Str +2) [potion of mutation]
  4974 | D:6      | Gained mutation: Your natural rate of healing is unusually fast. [potion of mutation]
  4974 | D:6      | Gained mutation: You have a somewhat thin skeletal structure. (Dex +2, Stealth) [potion of mutation]
  4975 | D:6      | Gained mutation: You are partially covered in thin metallic scales. (AC +2) [potion of mutation]
  4975 | D:6      | Gained mutation: You have supernaturally acute eyesight. (SInv) [potion of mutation]
  4976 | D:6      | Gained mutation: Your spells are a little easier to cast, but a little less powerful. [potion of mutation]
  4976 | D:6      | Gained mutation: You are partially covered in slimy green scales. (AC +2) [potion of mutation]
  5026 | D:6      | Killed Rationalist's ghost
  5026 | D:6      | Reached XP level 9. HP: 21/55 MP: 9/9
  5152 | D:6      | Reached * piety under the Shining One
  5717 | D:7      | Found a radiant altar of Vehumet.
  5719 | D:7      | Found a sacrificial altar of Ru.
  6687 | D:8      | Reached XP level 10. HP: 57/61 MP: 10/10
  6797 | D:8      | Reached ** piety under the Shining One
  7041 | D:8      | Found an ancient bone altar of Kikubaaqudgha.
  7221 | D:9      | Noticed a cyclops
  7360 | D:9      | Killed a cyclops
  7360 | D:9      | Reached skill level 1 in Invocations
  7642 | D:9      | Found a staircase to the Orcish Mines.
  7660 | D:9      | Reached *** piety under the Shining One
  7881 | D:9      | Found a roughly hewn altar of Beogh.
  8191 | D:9      | Reached skill level 10 in Shields
  8191 | D:9      | Reached XP level 11. HP: 53/67 MP: 13/13
  8319 | D:9      | Reached skill level 10 in Armour
  8334 | D:9      | Found a staircase to the Lair.
  8413 | Lair:1   | Entered Level 1 of the Lair of Beasts
  8618 | Lair:1   | Reached skill level 5 in Invocations
  8698 | Lair:1   | Noticed a five-headed hydra
  8718 | Lair:1   | Killed a five-headed hydra
  9183 | Lair:1   | Noticed Gastronok
  9239 | Lair:1   | Killed Gastronok
  9239 | Lair:1   | Reached skill level 10 in Maces & Flails
  9305 | Lair:1   | Reached XP level 12. HP: 72/72 MP: 15/17
  9803 | Lair:2   | Reached **** piety under the Shining One
 10004 | Lair:2   | Found a staircase to the Shoals.
 10540 | Lair:3   | Noticed Rupert
 10551 | Lair:3   | Killed Rupert
 11651 | Lair:4   | Found a staircase to the Snake Pit.
 11886 | Lair:4   | Noticed an eight-headed hydra
 11899 | Lair:4   | Killed an eight-headed hydra
 12249 | Lair:5   | Reached XP level 13. HP: 15/76 MP: 19/19
 12280 | Lair:5   | Found a bloodstained altar of Trog.
 12450 | Lair:5   | Found a staircase to the Slime Pits.
 13398 | Lair:6   | Entered Level 6 of the Lair of Beasts
 13455 | Lair:6   | Noticed a dire elephant
 13455 | Lair:6   | Reached ***** piety under the Shining One
 13852 | Lair:6   | Killed a dire elephant
 14132 | Lair:6   | Found an opulent altar of Gozag.
 14206 | Lair:6   | Reached skill level 10 in Invocations
 14701 | Lair:6   | Noticed a dire elephant
 14722 | Lair:6   | Killed a dire elephant
 14747 | Lair:6   | Gained mutation: Your large and strong wings let you fly indefinitely. [Gargoyle growth]
 14747 | Lair:6   | Reached XP level 14. HP: 32/82 MP: 21/21
 14859 | Lair:6   | Found a burning altar of Makhleb.
 14923 | Lair:6   | Found a gateway to Hell.
 14941 | Lair:6   | Got a wavering lead ring
 15176 | Lair:5   | Identified the ring "Doydus" {rPois rF+ AC+5} (You found it on level 6 of the Lair of Beasts)
 15437 | Orc:1    | Entered Level 1 of the Orcish Mines
 15624 | Orc:2    | Entered Level 2 of the Orcish Mines
 16184 | Orc:2    | Found a staircase to the Elven Halls.
 16386 | Orc:1    | Slain by an ettin

Skill      XL: |  1  2  3  4  5  6  7  8  9 10 11 12 13 14 |
---------------+-------------------------------------------+-----
Shields        | 4 5 6 7 8 10 11 12 13 | 13.8
Armour         | 4 5 7 8 9 11 12 13 | 13.6
Fighting       | 4 5 6 7 |  7.1
Maces & Flails | 3 4 6 7 8 10 11 12 | 12.5
Invocations    | 3 6 8 10 11 | 11.0

Action                   |  1- 3 |  4- 6 |  7- 9 | 10-12 | 13-15 || total
-------------------------+-------+-------+-------+-------+-------++-------
Melee: Flail             |   109 |   297 |   652 |  1016 |   874 ||  2948
Invok: Divine Shield     |       |       |       |     1 |       ||     1
       Summon Divine War |       |       |       |       |     2 ||     2
       Cleansing Flame   |       |       |       |       |     1 ||     1
 Abil: Fly               |       |       |       |       |     1 ||     1
Evoke: Wand              |       |       |       |     4 |     6 ||    10
  Use: Potion            |     1 |     1 |     9 |     5 |     3 ||    19
       Scroll            |       |       |       |    24 |     9 ||    33
  Eat: Chunk             |       |     5 |    15 |    17 |    13 ||    50
       Beef jerky        |       |       |     1 |       |     1 ||     2
       Fruit             |       |       |       |     1 |     1 ||     2
       Royal jelly       |       |       |       |     1 |       ||     1
Armor: Scale mail        |    56 |   183 |   215 |       |       ||   454
       Skin              |       |       |    14 |       |       ||    14
       Chain mail        |       |       |   109 |   558 |   395 ||  1062
Dodge: Dodged            |    39 |    79 |   175 |   239 |   165 ||   697
Block: Shield            |    70 |   178 |   386 |   638 |   523 ||  1795
